 Dungeon Crawl Stone Soup version 0.29-a0-1061-gbc57f8fbdb (webtiles) character file.

Game seed: 16185711716575110167

1891 KleinerIrrer the Martial Artist (level 9, -4/56 HPs)
             Began as an Octopode Monk on Aug 18, 2022.
             Slain by Duvessa
             ... wielding a +0 rapier
              (6 damage)
             ... on level 6 of the Dungeon.
             The game lasted 00:11:02 (7316 turns).

KleinerIrrer the Martial Artist (Octopode Monk)     Turns: 7316, Time: 00:11:02

Health: -4/56      AC:  1    Str: 11    XL:     9   Next: 15%
Magic:  9/9        EV: 14    Int: 14    God:
Gold:   298        SH:  0    Dex: 16    Spells: 4/8 levels left

rFire   + . .      SeeInvis .     - Unarmed
rCold   . . .      Faith    .   (no shield)
rNeg    . . .      Spirit   .   (helmet restricted)
rPois   .          Reflect  .   j - amulet of magic regeneration
rElec   .          Harm     .   k - ring of wizardry
rCorr   .          Rampage  .   r - ring of protection from fire
Will    .....                   (no ring)
Stlth   +++.......              (no ring)
HPRegen 0.18/turn               (no ring)
MPRegen 0.51/turn               (no ring)
                                (no ring)
                                (no ring)

@: invisible
A: almost no armour, amphibious, 8 rings, camouflage 1, gelatinous body 1,
(nimble swimmer 1), tentacles
a: no special abilities


You were on level 6 of the Dungeon.
You visited 1 branch of the dungeon, and saw 6 of its levels.

You collected 298 gold pieces.

Inventory:

Missiles
 e - 22 stones (quivered)
 v - a poisoned dart
Jewellery
 j - an amulet of magic regeneration (around mantle)
 k - a ring of wizardry (left tentacle)
 r - a ring of protection from fire (right tentacle)
Wands
 t - a wand of flame (16)
Scrolls
 d - 5 scrolls of teleportation
 f - a scroll of blinking {unknown}
 i - 2 scrolls of immolation {unknown}
 m - 2 scrolls of identify
 p - a scroll of enchant armour {unknown}
 q - 3 scrolls of fog {unknown}
 s - 2 scrolls of poison {unknown}
 u - a scroll of brand weapon {unknown}
 w - a scroll of noise {unknown}
Potions
 a - a potion of ambrosia
 b - a potion of haste {unknown}
 c - a potion of heal wounds
 g - 2 potions of attraction
 h - 2 potions of magic
 l - 2 potions of curing {unknown}
 n - 2 potions of invisibility
 o - a potion of flight {unknown}


   Skills:
 - Level 3.0 Fighting
 - Level 3.0 Dodging
 - Level 2.6 Stealth
 + Level 11.9 Unarmed Combat


You had 4 spell levels left.
You knew the following spells:

 Your Spells              Type           Power      Damage    Failure   Level
a - Ice Form              Ice/Tmut       0%         N/A       71%         4

Your spell library contained the following spells:

 Spells                   Type           Power      Damage    Failure   Level
 Apportation              Tloc           0%         N/A       12%         1
 Summon Lightning Spire   Summ/Air       0%         N/A       71%         4
 Alistair's Intoxication  Tmut/Pois      0%         N/A       95%         5
 Simulacrum               Ice/Necr       0%         N/A       100%        6


Dungeon Overview and Level Annotations

Branches:
Dungeon (6/15)
 Temple: D:4-7

Altars:

Annotations:
D:3 Sigmund
D:4 2 transporters, 1 runed translucent door, Crazy Yiuf
D:6 Duvessa


Innate Abilities, Weirdness & Mutations

You cannot wear most types of armour.
You are amphibious.
You can wear up to eight rings at the same time.
Your skin changes colour to match your surroundings (Stealth+).
Your rubbery body absorbs attacks. (AC +1, EV +1)
((You are camouflaged when in or above water. (Stealth+)))
You have tentacles for arms and can constrict up to eight enemies at once.


Message History

Duvessa rages. x2
Things that are here:
a +0 dagger; a +0 robe You tentacle-slap Duvessa.
You grab Duvessa. You squeeze Duvessa, but do no damage.
Duvessa is lightly wounded.
You constrict Duvessa, but do no damage.
Duvessa closely misses you.
You tentacle-slap Duvessa but do no damage.
Duvessa is lightly wounded.
You constrict Duvessa. Duvessa hits you with a +0 rapier!
You bludgeon Duvessa! You squeeze Duvessa, but do no damage.
Duvessa is moderately wounded.
You constrict Duvessa. Duvessa barely misses you.
Duvessa hits you with a +0 rapier!
You tentacle-slap Duvessa but do no damage.
You squeeze Duvessa!
Duvessa is moderately wounded.
You constrict Duvessa, but do no damage.
Duvessa struggles to escape constriction.
You tentacle-slap Duvessa but do no damage.
Duvessa is moderately wounded.
You constrict Duvessa, but do no damage.
Duvessa barely misses you.
You bludgeon Duvessa! You squeeze Duvessa.
Duvessa is heavily wounded.
You constrict Duvessa. Duvessa hits you with a +0 rapier.
You bludgeon Duvessa!
Duvessa is severely wounded.
You constrict Duvessa. Duvessa barely misses you.
You bludgeon Duvessa!
Duvessa is almost dead.
You constrict Duvessa, but do no damage.
Duvessa hits you with a +0 rapier!
You tentacle-slap Duvessa.
Duvessa is almost dead.
You constrict Duvessa. Duvessa hits you with a +0 rapier!
* * * LOW HITPOINT WARNING * * *
Duvessa hits you with a +0 rapier.
You die...

#.#.## ##.......
#....###........
#.###.#.####.###
#.# #........#
#.###.########
#.....###
###.....#
#####.##########.
#.@e.......e.
############.


You could see Duvessa (berserk, unable to see you).

Vanquished Creatures
  Pikel (D:5)
  Eustachio (D:4)
  Menkaure (D:5)
  An ice beast (D:5)
  An ogre (D:6)
  A centaur (D:5)
  2 lemures (D:5)
  Blork the orc (D:6)
  A necrophage (D:5)
  2 scorpions (D:5)
  Dowan (D:6)
  A howler monkey (D:6)
  2 hounds (D:6)
  4 orc priests
  A jelly (D:6)
  2 iguanas (D:5)
  Ijyb (D:5)
  2 orc wizards
  5 adders
  11 gnolls
  2 shadow imps (D:6)
  An ufetubus (D:6)
  2 worms
  3 dart slugs
  26 orcs
  6 ball pythons
  6 endoplasms
  2 giant cockroaches
  6 hobgoblins
  3 jackals (D:5)
  2 quokkas
  5 bats
  2 frilled lizards
  7 goblins
  9 kobolds
  6 rats
130 creatures vanquished.

Notes
Turn   | Place    | Note
-------+----------+-------------------------------------------
     0 | D:1      | KleinerIrrer the Octopode Monk began the quest for the Orb.
     0 | D:1      | Reached XP level 1. HP: 16/16 MP: 1/1
    98 | D:1      | Reached XP level 2. HP: 21/21 MP: 2/2
   657 | D:1      | Reached skill level 4 in Unarmed Combat
   670 | D:1      | Found a faded altar of an unknown god.
   749 | D:2      | Reached XP level 3. HP: 20/26 MP: 3/3
  1586 | D:2      | Reached XP level 4. HP: 31/31 MP: 4/4
  1812 | D:3      | Noticed Sigmund
  1868 | D:3      | Reached skill level 5 in Unarmed Combat
  2370 | D:3      | Reached XP level 5. HP: 34/36 MP: 5/5
  2502 | D:3      | Got the Atlas of the Frigorific Lungs
  2514 | D:3      | Learned a level 4 spell: Ice Form
  2573 | D:3      | Reached skill level 6 in Unarmed Combat
  3199 | D:4      | Reached XP level 6. HP: 34/42 MP: 6/6
  3353 | D:4      | Found a transporter.
  3448 | D:4      | Found a transporter.
  3655 | D:4      | Noticed Eustachio
  3677 | D:4      | Killed Eustachio
  3678 | D:4      | Reached skill level 7 in Unarmed Combat
  3817 | D:4      | Found a runed translucent door.
  3818 | D:4      | Noticed Crazy Yiuf
  4178 | D:5      | Entered Level 5 of the Dungeon
  4216 | D:5      | Reached XP level 7. HP: 21/46 MP: 7/7
  4727 | D:5      | Reached skill level 8 in Unarmed Combat
  5336 | D:5      | Reached skill level 9 in Unarmed Combat
  5630 | D:5      | Noticed Ijyb
  5748 | D:5      | Noticed Pikel
  5764 | D:5      | Killed Pikel
  5765 | D:5      | Reached skill level 10 in Unarmed Combat
  5765 | D:5      | Reached XP level 8. HP: 38/52 MP: 8/8
  5874 | D:5      | Killed Ijyb
  6172 | D:5      | Noticed Menkaure
  6175 | D:5      | Killed Menkaure
  6188 | D:5      | Reached skill level 11 in Unarmed Combat
  6835 | D:6      | Reached XP level 9. HP: 55/56 MP: 9/9
  7052 | D:6      | Noticed Blork the orc
  7062 | D:6      | Killed Blork the orc
  7284 | D:6      | Noticed Dowan
  7303 | D:6      | Killed Dowan
  7304 | D:6      | Noticed Duvessa
  7316 | D:6      | HP: 2/56 [Duvessa/+0 rapier (17)]
  7316 | D:6      | Slain by Duvessa

Illustrated notes

Levels and vault maps discovered:
D:1:      nicolae_arrival_somewhat_less_tricky_arrival, layout_loops_cross,
          shapermc_ecumenical_altar_mp_vishouse, chequers_serial_rivers_marsh,
          minmay_close_crescents
D:2:      layout_loops_cross, st_stairs_10
D:3:      layout_basic, minmay_misc_feat_diagonals, uniq_sigmund, uniq_terence
D:4:      gammafunk_steamed_eel, layout_basic, uniq_crazy_yiuf_cottage,
          uniq_eustachio
D:5:      layout_loops_ring, uniq_ijyb, uniq_menkaure, uniq_pikel
D:6:      layout_loops_ring, kennysheep_mini, marbit_many_paths,
          grunt_ministairs_3, minivault_25, serial_park_tiny_1,
          uniq_blork_the_orc, uniq_duvessa

Skill      XL: |  1  2  3  4  5  6  7  8 |
---------------+-------------------------+-----
Unarmed Combat | 4 5 6 7 10 11 | 11.9
Fighting       | |  3.0
Dodging        | |  3.0
Stealth        | |  2.6

Action                   |  1- 3 |  4- 6 |  7- 9 || total
-------------------------+-------+-------+-------++-------
Melee: Unarmed           |    68 |   109 |   136 ||   313
       Tentacles         |    12 |    30 |    46 ||    88
       Constrict         |    17 |    31 |    35 ||    83
       Punch             |     3 |     5 |    14 ||    22
Throw: Stone             |     1 |    15 |    14 ||    30
       Dart              |       |       |     8 ||     8
  Use: Scroll            |       |     4 |     1 ||     5
       Potion            |       |     1 |     2 ||     3
 Stab: Sleeping          |    13 |     7 |     3 ||    23
Armor: Skin              |     3 |     3 |     2 ||     8
Dodge: Dodged            |    27 |    48 |    49 ||   124

Table legend: (Time is in decaauts)
 A = Elapsed time spent in this place.
 B = Non-inter-level travel time spent in this place.
 C = Inter-level travel time spent in this place.
 D = Time resting spent in this place.
 E = Time spent auto-exploring this place.
 F = Levels seen in this place.
 G = Mean time per level.
                   A        B        C        D        E       F      G
               +--------+--------+--------+--------+--------+-----+--------+
         Total |   7278 |   7137 |    141 |    541 |   5614 |   6 | 1213.0 |
       Dungeon |   7278 |   7137 |    141 |    541 |   5614 |   6 | 1213.0 |
               +--------+--------+--------+--------+--------+-----+--------+

Top non-repeatable levels by time:
     D:5: 2107 daAuts
     D:2: 1294 daAuts
     D:4: 1286 daAuts
     D:3: 1008 daAuts
     D:6: 842 daAuts
     D:1: 739 daAuts
